 Dungeon Crawl Stone Soup version 0.20-a0-910-gb611367 (webtiles) character file.

870 Denreik the Vandal (level 8, -4/58 HPs)
             Began as a Formicid Abyssal Knight on Mar 24, 2017.
             Was a Priest of Lugonu.
             Slain by Prince Ribbit (13 damage)
             ... on level 9 of the Dungeon.
             The game lasted 00:18:05 (3699 turns).

Denreik the Vandal (Formicid Abyssal Knight)        Turns: 3699, Time: 00:18:06

Health: -4/58      AC:  6    Str: 16    XL:     8   Next: 24%
Magic:  9/9        EV: 11    Int: 18    God:    Lugonu [***...]
Gold:   267        SH:  0    Dex: 12    Spells: 7/7 levels left

rFire    x . .     SeeInvis +   a - +9 hand axe of the Orange Skies {venom, Int+5}
rCold    + . .     Gourm    .   d - +0 leather armour
rNeg     . . .     Faith    .   (no shield)
rPois    .         Spirit   .   (helmet unavailable)
rElec    .         Reflect  .   E - +0 cloak
rCorr    +         Harm     .   y - +0 pair of gloves
MR       .....                  (no boots)
Stlth    +.........             (no amulet)
Regen    0.2/turn               w - ring of ice
MPRegen  0.2/turn               j - ring of resist corrosion

@: no status effects
A: permanent stasis, dig shafts and tunnels, four strong arms, antennae 3
a: Dig, Shaft Self, Depart the Abyss, Bend Space, Banish, Renounce Religion


You were on level 9 of the Dungeon.
You worshipped Lugonu.
Lugonu was most pleased with you.
You were hungry.

You visited 1 branch of the dungeon, and saw 5 of its levels.
You visited the Abyss 1 time.

You collected 267 gold pieces.

Inventory:

Hand Weapons
 a - the +9 hand axe of the Orange Skies (weapon) {venom, Int+5}
   (You found it on level 2 of the Abyss)

   It poisons the flesh of those it strikes.
   It affects your intelligence (+5).
 b - a +1 fustibalus
 f - a +1 spear
 m - a +1 dagger of speed
Missiles
 k - 79 stones (quivered)
 B - 8 sling bullets
Armour
 d - a +0 leather armour (worn)
 e - a +0 helmet
 y - a +0 pair of gloves (worn)
 E - a +0 cloak (worn)
 F - a +0 chain mail
Jewellery
 j - a ring of resist corrosion (left hand)
 u - an uncursed ring of flight
 w - a ring of ice (right hand)
Wands
 A - a wand of lightning (3/15)
 C - a wand of iceblast (6/15)
 H - a wand of flame (29/48)
Scrolls
 n - a scroll of identify
 o - 2 scrolls of enchant weapon
 p - a scroll of amnesia
 s - 2 scrolls of teleportation
 t - a scroll of remove curse
 v - a scroll of random uselessness
Potions
 i - a potion of degeneration {unknown}
 l - a potion of lignification {unknown}
 r - a potion of cancellation {unknown}
 z - a potion of haste {unknown}
 D - 2 potions of agility
Comestibles
 c - 2 bread rations
 h - 2 royal jellies
 q - 6 fruits
 G - a meat ration
 I - 4 chunks of flesh


   Skills:
 - Level 3.2 Fighting
 * Level 3.9(4.1) Axes
 - Level 2.0(3.2) Polearms
 * Level 6.2 Slings
 * Level 5.9 Armour
 - Level 0.8 Dodging
 - Level 2.1 Invocations


You had 7 spell levels left.
You didn't know any spells.

Dungeon Overview and Level Annotations

Branches:
Dungeon (6/15)
 Temple: D:4-7

Altars:
Dithmenos
Fedhas
Uskayaw

Shops:
D:6 !

Annotations:
D:9 1 runed door, Prince Ribbit


Innate Abilities, Weirdness & Mutations

You cannot be hasted, slowed, berserked, paralysed or teleported.
You can dig through walls and to a lower floor.
Your four strong arms can wield two-handed weapons with a shield.
You have a pair of large antennae on your head. (SInv)


Message History

Prince Ribbit is lightly wounded.
Prince Ribbit hits you!
Prince Ribbit hits you but does no damage.
You miss Prince Ribbit.
Prince Ribbit is moderately wounded.
Prince Ribbit hits you.
You hit Prince Ribbit.
Prince Ribbit is moderately wounded.
Prince Ribbit winks and puckers his lips.
Prince Ribbit hits you! Prince Ribbit completely misses you.
Prince Ribbit hits you!
* * * LOW HITPOINT WARNING * * *
Okay, then.
Okay, then.
You don't have enough health at the moment.
You feel better.
Prince Ribbit hits you but does no damage.
Are you sure you want to shaft yourself?
You feel somewhat more hungry. Prince Ribbit hits you!
You die...

### { ##.+# #####
##...###...##
#####...###.....##
##......###.......#
##......##.FH......#
#.......#.@#.......#
#.........###{....##
#...%..%###{{#...##
##.....##.5Ha#####
##...##8....
#####...... {
#.$[+......
#.)$#....8#
#####....#


You could see a hippogriff and Prince Ribbit.

Vanquished Creatures
  An ice beast (D:9)
  A phantom (D:6)
  An ogre (D:6)
  2 bullfrogs
  2 scorpions (D:9)
  2 crimson imps (D:6)
  A centaur zombie (D:6)
  A jelly (D:9)
  A centaur skeleton (D:3)
  An orc priest (D:3)
  A killer bee zombie (D:6)
  A worker ant zombie (D:6)
  5 adders
  A shadow imp (D:6)
  2 oozes
  An adder skeleton (D:6)
  3 worms
  A dart slug (D:1)
  3 leopard geckos
  11 orcs
  9 bats
  3 giant cockroaches
  7 goblins
  10 hobgoblins
  A quokka (D:2)
  A ball python (D:1)
  5 frilled lizards
  A jackal skeleton (D:6)
  A jackal zombie (D:6)
  6 kobolds
  A quokka zombie (D:6)
  8 rats
95 creatures vanquished.

Notes
Turn   | Place    | Note
-------+----------+-------------------------------------------
     0 | Abyss:1  | Denreik the Formicid Abyssal Knight began the quest for the Orb.
     0 | Abyss:1  | Reached XP level 1. HP: 18/18 MP: 2/2
    40 | Abyss:2  | Found a corrupted altar of Lugonu.
    53 | Abyss:2  | Got an encrusted hand axe
    54 | Abyss:2  | Identified the +9 hand axe of the Orange Skies {venom, Int+5} (You found it on level 2 of the Abyss)
    78 | Abyss:2  | Noticed a fire bat
    80 | D:1      | Escaped the Abyss
   485 | D:1      | Reached XP level 2. HP: 24/24 MP: 3/3
   530 | D:1      | Reached * piety under Lugonu
   620 | D:1      | Reached skill level 1 in Slings
   623 | D:1      | Reached XP level 3. HP: 22/29 MP: 4/4
   940 | D:1      | You fall through a shaft!
   946 | D:2      | Reached skill level 2 in Slings
  1118 | D:2      | Reached ** piety under Lugonu
  1123 | D:2      | Reached XP level 4. HP: 31/35 MP: 5/5
  1282 | D:2      | You fall through a shaft!
  1486 | D:3      | Found a hide-covered altar of Uskayaw.
  1487 | D:3      | Noticed a dagger
  1487 | D:3      | Noticed a hand axe
  1548 | D:3      | Reached skill level 3 in Slings
  1548 | D:3      | Reached XP level 5. HP: 28/41 MP: 6/6
  1652 | D:3      | Found a blossoming altar of Fedhas.
  1952 | D:3      | HP: 2/41 [poisoned by an adder]
  2262 | D:3      | Reached skill level 4 in Slings
  2421 | D:3      | Reached XP level 6. HP: 41/47 MP: 7/7
  2510 | D:3      | You fall through a shaft for 3 floors!
  3145 | D:6      | Reached skill level 5 in Slings
  3145 | D:6      | Reached skill level 5 in Armour
  3180 | D:6      | Found a shadowy altar of Dithmenos.
  3187 | D:6      | Reached *** piety under Lugonu
  3187 | D:6      | Reached XP level 7. HP: 35/52 MP: 8/8
  3251 | D:6      | Reached skill level 1 in Axes
  3451 | D:6      | Found Qishrol's Distillery.
  3486 | D:6      | You fall through a shaft for 3 floors!
  3490 | D:9      | Reached skill level 6 in Slings
  3490 | D:9      | Reached XP level 8. HP: 52/58 MP: 9/9
  3491 | D:9      | Found a runed door.
  3689 | D:9      | Noticed a hippogriff
  3689 | D:9      | Noticed Prince Ribbit
  3697 | D:9      | HP: 2/58 [Prince Ribbit (17)]
  3699 | D:9      | Slain by Prince Ribbit

Vault maps used:
D:1:      saegor_arrival_miasma, minmay_surrounded
D:3:      dancing_weapons_uskayaw, first_bread, minmay_hedge_maze,
          fedhas_altar_fruit_tree
D:6:      basic_altar, serial_shops, kennysheep_mini, interstate_on_off
D:9:      cheibrodos_histonic, uniq_prince_ribbit1

Skill      XL: |  1  2  3  4  5  6  7 |
---------------+----------------------+-----
Armour         | 3 4 5 |  5.9
Slings         | 1 2 3 4 5 6 |  6.2
Axes           | 3 |  3.9
Fighting       | |  3.2
Polearms       | |  2.0
Dodging        | |  0.8
Invocations    | |  2.1

Action                   |  1- 3 |  4- 6 |  7- 9 || total
-------------------------+-------+-------+-------++-------
Melee: Hand axe          |    45 |   112 |    41 ||   198
 Fire: Fustibalus        |    20 |       |     6 ||    26
Throw: Stone             |       |     2 |       ||     2
Invok: Depart the Abyss  |     1 |       |       ||     1
 Abil: Shaft Self        |     1 |     2 |     2 ||     5
       Dig               |     1 |       |     2 ||     3
  Use: Scroll            |     2 |     5 |     3 ||    10
       Potion            |       |     1 |     2 ||     3
 Stab: Sleeping          |       |       |     1 ||     1
  Eat: Chunk             |       |     7 |     3 ||    10
Armor: Leather armour    |    14 |    22 |    12 ||    48
Dodge: Dodged            |    28 |    76 |    19 ||   123
